 Dungeon Crawl Stone Soup version 0.13.0-3-g966e3ec (webtiles) character file.

15737 DaftWullie the Swashbuckler (level 12, -4/74 HPs)
             Began as a Kobold Berserker on Oct 11, 2013.
             Was an Elder of Trog.
             Slain by a yak (16 damage)
             ... on Level 5 of the Lair of Beasts on Oct 13, 2013.
             The game lasted 03:20:15 (17548 turns).

DaftWullie the Swashbuckler (Kobold Berserker)     Turns: 17548, Time: 03:20:16

HP  -4/74        AC 11     Str 18      XL: 12   Next: 54%
MP  12/12        EV 22     Int  7      God: Trog [****..]
Gold 522         SH 16     Dex 16      Spells:  0 memorised, 11 levels left

Res.Fire  : . . .   See Invis. : .   a - +1,+2 orc short sword
Res.Cold  : + . .   Warding    : .   N - +3 leather armour {rPois}
Life Prot.: . . .   Conserve   : .   O - +3 orc buckler
Res.Poison: +       Res.Corr.  : .   y - +2 elf wizard hat
Res.Elec. : .       Clarity    : .   r - +1 cloak
Sust.Abil.: . .     Spirit.Shd : .   R - +0 pair of gauntlets
Res.Mut.  : +       Stasis     : .   (no boots)
Res.Rott. : .       Flight     : .   I - amulet of resist mutation {unknown}
Saprovore : + + .                    B - ring of protection from cold {unknown}
                                     (no ring)

@: regenerating, very resistant to hostile enchantments, very stealthy
A: disease resistance, carnivore 3, saprovore 2
a: Burn Spellbooks, Berserk, Trog's Hand, Brothers in Arms, Renounce Religion


You were on level 5 of the Lair of Beasts.
You worshipped Trog.
Trog was greatly pleased with you.
You were very full.

You visited 2 branches of the dungeon, and saw 17 of its levels.

You collected 901 gold pieces.
You spent 399 gold pieces at shops.

Inventory:

Hand weapons
 a - a +1,+2 orcish short sword (weapon)
 b - a +0 blowgun
 j - a +2,+1 orcish short sword
 p - a -1,+1 orcish short sword
 C - a +3,+5 dwarven vampiric broad axe
 E - a +1,+1 dwarven short sword
 P - a +0,+2 short sword of holy wrath
Missiles
 g - 18 darts of flame
 i - 71 darts (quivered)
 s - 31 poisoned needles
Armour
 r - a +1 cloak (worn)
 y - a +2 elven wizard hat (worn)
 N - a +3 leather armour of poison resistance (worn)
 O - a +3 orcish buckler (worn)
 R - a +0 pair of gauntlets (worn)
Magical devices
 c - a wand of lightning (1)
 m - a wand of digging (9) {unknown}
 n - a wand of magic darts (13)
 t - a wand of digging (9) {unknown}
 L - a wand of polymorph (11)
Comestibles
 J - 3 chunks of spiny frog flesh
Scrolls
 d - 3 scrolls of teleportation
 e - a scroll of enchant armour
 f - a scroll of blinking {unknown}
 o - 2 scrolls of enchant weapon II
 v - a scroll of vulnerability {unknown}
 z - a scroll of identify
 F - a scroll of enchant weapon I
 H - a scroll of immolation {unknown}
 K - 2 scrolls of recharging
 Z - a scroll of holy word
Jewellery
 w - an uncursed ring of teleportation
 B - a ring of protection from cold (right hand) {unknown}
 G - an uncursed ring of magical power
 I - an amulet of resist mutation (around neck) {unknown}
 M - an uncursed ring of protection from cold {unknown}
Potions
 h - a potion of porridge {unknown}
 k - a potion of agility
 l - a potion of cure mutation
 q - 2 potions of poison {unknown}
 u - 3 potions of curing
 x - 2 potions of invisibility {unknown}
 A - a potion of heal wounds {unknown}
 D - a potion of resistance


   Skills:
 * Level 9.9 Fighting
 + Level 15.0 Short Blades
 - Level 2.3 Throwing
 - Level 1.5 Armour
 + Level 12.3 Dodging
 + Level 6.4 Stealth
 * Level 5.1 Shields
 + Level 0.6 Evocations


You had 11 spell levels left.
You didn't know any spells.

Dungeon Overview and Level Annotations

Branches:
Dungeon (12/27)            Temple (0/1) D:5             Orc (0/4) D:8
   Lair (5/8) D:11
  Swamp: Lair:3-6    Shoals: Lair:3-6     Snake: Lair:3-6    Spider: Lair:3-6

Altars:
Fedhas
Makhleb
Nemelex Xobeh
Okawaru
Xom
Yredelemnul

Shops:
D:5 ?   D:6 (   D:7 ?

Portals:
Ziggurat: D:6 (3670 gp)

Annotations:
D:5 exclusion: oklob plant
D:11 exclusion: player ghost, Nergalle; Tolias' ghost, experienced MiCj


Innate Abilities, Weirdness & Mutations

You recuperate from illness quickly.
You are small and have problems with some larger weapons.
You are carnivorous and can eat meat at any time.
You can eat rotten meat.


Message History

Trog says: Kill them all!
Press ? for a list of commands and other information.
Evoke which item? (* to show all) (? for menu, Esc to quit)
Zapping:
L - a wand of polymorph {zapped: 1}
Press: ? - help, Shift-Dir - straight line, f - fire crab
Aim: a fire crab (lightly wounded)
The fire crab evaporates and reforms as an elf!
The yak closely misses you.
Use which ability? (? or * to list)
Your skin crawls.
You feel resistant to hostile enchantments.
You block the elf's attack. The yak gores you!
* * * LOW HITPOINT WARNING * * *
Use which ability? (? or * to list)
You fail to use your ability.
The elf closely misses you. You block the yak's attack.
Use which ability? (? or * to list)
Your black bear goes berserk!
You feel somewhat less full. You block the elf's attack. The yak gores you!
You die...

.... ..........
............
..............
................
................
................
.......YU.........
........@<<.......
..##..##fe...#.##.
# #######


You could see a yak, an elf and a friendly black bear (berserk).

Vanquished Creatures
  The ghost of DasRunzen the Covered, an experienced GrFi of Okawaru (D:9)
  Pikel (D:7)
  2 black mambas
  5 spiny frogs
  A polar bear (Lair:2)
  4 komodo dragons
  3 blink frogs (Lair:2)
  2 basilisks
  A grizzly bear (Lair:2)
  A wyvern (Lair:3)
  3 yaks
  7 hippogriffs
  A hungry ghost (D:9)
  11 wolves
  A manticore (D:11)
  5 porcupines
  2 ice beasts
  4 orc warriors
  4 phantoms
  2 black bears
  2 sky beasts (D:6)
  An ogre (D:4)
  7 centaurs
  3 wargs
  A big kobold (D:10)
  4 giant slugs
  Blork the orc (D:7)
  2 crocodiles
  3 giant frogs
  3 agate snails
  2 water moccasins
  A manticore skeleton (D:8)
  6 killer bees (D:10)
  2 wights (D:10)
  A yak skeleton (D:8)
  3 crimson imps
  A centaur zombie (D:5)
  3 goliath beetles
  4 quasits
  2 big fish (D:5)
  2 giant frog skeletons
  16 orc wizards
  12 hounds
  Crazy Yiuf (D:2)
  6 orc priests
  A black bear zombie (D:9)
  A two-headed ogre skeleton (D:8)
  7 iguanas
  4 scorpions
  An orange rat (D:7)
  4 worker ants
  Ijyb (D:2)
  A hound skeleton (D:3)
  17 adders
  12 green rats
  4 giant centipedes (Lair:2)
  6 worms
  A goliath beetle zombie (D:8)
  A giant mite (D:2)
  A scorpion zombie (D:5)
  An adder skeleton (D:8)
  4 grey rats (D:7)
  2 giant eyeballs
  9 giant geckos
  An ooze (D:6)
  66 orcs
  4 ball pythons
  10 giant cockroaches
  10 hobgoblins
  19 jackals
  13 kobolds
  12 quokkas
  16 bats
  3 giant newts
  A giant newt skeleton (D:4)
  11 goblins
  A goblin zombie (D:2)
  A jackal skeleton (D:2)
  2 kobold skeletons
  16 rats
  A fungus (Lair:2)
415 creatures vanquished.

Vanquished Creatures (collateral kills)
  A hydra (Lair:3)
  A hippogriff (D:10)
  Eustachio (D:7)
  3 slaves (D:7)
  A jelly (D:8)
  5 wights (D:10)
  2 crimson imps (D:8)
  A hound (D:10)
  A worker ant (D:11)
  3 orcs
  A quokka (D:7)
  A rat (D:7)
21 creatures vanquished.

Vanquished Creatures (others)
  An ogre (D:11)
  An adder (D:2)
2 creatures vanquished.

Grand Total: 438 creatures vanquished

Notes
Turn   | Place    | Note
--------------------------------------------------------------
     0 | D:1      | DaftWullie, the Kobold Berserker, began the quest for the Orb.
     0 | D:1      | Reached XP level 1. HP: 14/14 MP: 0/0
   377 | D:1      | Reached XP level 2. HP: 19/19 MP: 1/1
  1100 | D:2      | Reached XP level 3. HP: 21/24 MP: 2/2
  1387 | D:2      | Acquired Trog's second power
  1436 | D:2      | Reached XP level 4. HP: 27/29 MP: 3/3
  1610 | D:2      | Noticed Ijyb
  1627 | D:2      | Killed Ijyb
  1670 | D:2      | Reached skill level 5 in Short Blades
  1740 | D:2      | Noticed Crazy Yiuf
  1768 | D:2      | Killed Crazy Yiuf
  1768 | D:2      | Reached XP level 5. HP: 31/33 MP: 0/4
  2340 | D:2      | Found a basalt altar of Yredelemnul.
  2483 | D:3      | Reached skill level 1 in Stealth
  2746 | D:3      | Reached skill level 6 in Short Blades
  2746 | D:3      | Reached XP level 6. HP: 9/39 MP: 5/5
  3182 | D:3      | Reached skill level 1 in Throwing
  3270 | D:3      | Reached XP level 7. HP: 18/44 MP: 6/6
  3559 | D:4      | Noticed an ogre
  3652 | D:4      | Killed an ogre
  3652 | D:4      | Reached skill level 5 in Fighting
  3652 | D:4      | Reached skill level 5 in Dodging
  3674 | D:4      | Reached skill level 7 in Short Blades
  3984 | D:5      | Entered Level 5 of the Dungeon
  4321 | D:4      | Reached XP level 8. HP: 38/49 MP: 7/7
  4476 | D:5      | Acquired Trog's third power
  4478 | D:5      | Paralysed by a giant eyeball for 2 turns
  4481 | D:5      | Paralysed by a giant eyeball for 2 turns
  4523 | D:5      | Reached skill level 8 in Short Blades
  4629 | D:5      | Found Twuefav's Magic Scroll Boutique.
  4650 | D:5      | Bought a scroll of curse armour for 28 gold pieces
  4650 | D:5      | Bought a scroll of remove curse for 42 gold pieces
  4650 | D:5      | Bought a scroll of enchant armour for 77 gold pieces
  4881 | D:5      | Found a staircase to the Ecumenical Temple.
  5128 | D:5      | Found a blossoming altar of Fedhas.
  5168 | D:5      | Noticed an oklob plant
  5363 | D:6      | Found Mnausm's Antique Weapon Boutique.
  5492 | D:6      | Reached skill level 9 in Short Blades
  5584 | D:6      | Found a burning altar of Makhleb.
  5674 | D:6      | Found a gateway to a ziggurat.
  6034 | D:7      | Noticed Eustachio
  6183 | D:6      | Reached XP level 9. HP: 54/54 MP: 8/8
  6314 | D:7      | Noticed Blork the orc
  6333 | D:7      | Killed Blork the orc
  6398 | D:7      | Reached skill level 10 in Short Blades
  6826 | D:7      | Killed Eustachio
  7108 | D:7      | Noticed Pikel
  7122 | D:7      | Killed Pikel
  7235 | D:7      | Found Plielog's Magic Scroll Shoppe.
  7263 | D:7      | Bought a scroll of identify for 24 gold pieces
  7263 | D:7      | Bought a scroll of silence for 90 gold pieces
  7263 | D:7      | Bought a scroll of fog for 24 gold pieces
  7263 | D:7      | Bought a scroll of enchant weapon I for 66 gold pieces
  7263 | D:7      | Bought a scroll of identify for 24 gold pieces
  7263 | D:7      | Bought a scroll of curse jewellery for 24 gold pieces
  7396 | D:7      | Reached skill level 11 in Short Blades
  8189 | D:8      | Reached XP level 10. HP: 60/60 MP: 9/9
  8421 | D:8      | Reached skill level 1 in Shields
  8458 | D:8      | Found a staircase to the Orcish Mines.
  8715 | D:8      | Found a shimmering altar of Xom.
  8715 | D:8      | Found a sparkling altar of Nemelex Xobeh.
  9018 | D:10     | Entered Level 10 of the Dungeon
  9163 | D:9      | Reached skill level 12 in Short Blades
  9244 | D:9      | Noticed DasRunzen's ghost (experienced GrFi)
  9279 | D:9      | Killed DasRunzen's ghost
  9356 | D:8      | Received a gift from Trog
  9408 | D:9      | Found an iron altar of Okawaru.
 10012 | D:11     | Noticed Tolias' ghost (experienced MiCj)
 10054 | D:10     | Reached skill level 10 in Dodging
 10715 | D:10     | Reached skill level 13 in Short Blades
 10715 | D:10     | Reached XP level 11. HP: 67/67 MP: 10/10
 11370 | D:11     | Noticed Nergalle
 11894 | D:11     | Found a staircase to the Lair.
 11902 | Lair:1   | Entered Level 1 of the Lair of Beasts
 13035 | Lair:1   | Reached skill level 5 in Stealth
 13808 | Lair:2   | Reached skill level 14 in Short Blades
 14385 | Lair:3   | Got a smelly scale mail
 14397 | Lair:3   | Identified the +4 scale mail of the Peasants {rF+ rC+ Curse} (You found it on level 3 of the Lair of Beasts)
 14677 | Lair:3   | Noticed a seven-headed hydra
 14696 | Lair:3   | Killed a seven-headed hydra
 14831 | Lair:3   | Reached XP level 12. HP: 55/73 MP: 11/11
 14985 | Lair:3   | Received a gift from Trog
 16499 | Lair:3   | Upgraded the game from 0.13.0 to 0.13.0-3-g966e3ec
 16620 | Lair:4   | Reached skill level 15 in Short Blades
 16713 | Lair:4   | Reached skill level 5 in Shields
 17538 | Lair:4   | Noticed a fire crab
 17538 | Lair:4   | a yak changed into a fire crab
 17545 | Lair:5   | a fire crab changed into an elf
 17548 | Lair:5   | Slain by a yak

Action                   |  1- 3 |  4- 6 |  7- 9 | 10-12 || total
-------------------------+-------+-------+-------+-------++-------
Melee: Short sword       |   106 |   186 |   712 |  1546 ||  2550
 Fire: Blowgun           |       |       |    27 |    53 ||    80
Throw: Dart              |     1 |    26 |    85 |    60 ||   172
Invok: Berserk           |     1 |     6 |    17 |    26 ||    50
       Trog's Hand       |       |     1 |     4 |     5 ||    10
       Brothers in Arms  |       |       |     3 |     6 ||     9
Evoke: Wand              |       |       |       |     8 ||     8
  Use: Scroll            |       |       |    12 |    15 ||    27
       Potion            |       |       |       |     3 ||     3
 Stab: Sleeping          |       |     1 |     6 |    17 ||    24
       Distracted        |       |       |     1 |     2 ||     3
